HBL
TUCSON TARANTULAS @ COLORADO SPRINGS SKY FOX
04/05/1997
 
TOP OF THE 1ST
Tucson Tarantulas batting - Pitching for Colorado Springs Sky Fox : LHP Frank Viola
Pitching: LHP Frank Viola
Batting: RHB Barry Wesson 0-0: Ball
1-0: Called Strike
1-1: Fly out, F5 (Line Drive, 5, EV 73.1 MPH)
Batting: SHB Mark Bellhorn 0-0: Ground out 5-3 (Groundball, 56S, EV 68.8 MPH)
Batting: SHB Bip Roberts 0-0: Ball
1-0: Ball
2-0: Reached on error, E8 (Flyball, 8LM, EV 76.3 MPH)
Batting: RHB Andres Galarraga 0-0: Ball
1-0: Ball
2-0: Called Strike
2-1: Ball
3-1: Called Strike
3-2: Foul Ball, location: 2F
3-2: SINGLE (Groundball, 5L, EV 95.6 MPH)
Bip Roberts to third
Bip Roberts scores
Batting: RHB Jack Voigt 0-0: Called Strike
0-1: Ball
1-1: Ball
2-1: Fly out, F7 (Flyball, 7S, EV 79.4 MPH)
Top of the 1st over - 1 run, 1 hit, 1 error, 1 left on base; Tucson 1 - Colorado Springs 0
BOTTOM OF THE 1ST
Colorado Springs Sky Fox batting - Pitching for Tucson Tarantulas : LHP Mark Langston
Pitching: LHP Mark Langston
Batting: LHB Brent Brede 0-0: Ball
1-0: Ball
2-0: SINGLE (Line Drive, 4D, EV 98.8 MPH)
Batting: RHB Andujar Cedeno 0-0: Ball
1-0: Swinging Strike
1-1: Ball
2-1: Grounds into double play, 5-4-3 (Groundball, 5, EV 103.8 MPH)
Batting: RHB Bruce Aven 0-0: Ball
1-0: Foul Ball, location: 2F
1-1: Called Strike
1-2: Ground out 5-3 (Groundball, 56, EV 88.8 MPH)
Bottom of the 1st over - 0 runs, 1 hit, 0 errors, 0 left on base; Tucson 1 - Colorado Springs 0
TOP OF THE 2ND
Tucson Tarantulas batting - Pitching for Colorado Springs Sky Fox : LHP Frank Viola
Batting: RHB Dave McCarty 0-0: Ball
1-0: Foul Ball, location: 2F
1-1: Ball
2-1: DOUBLE (Groundball, 5L, EV 100.0 MPH)
Batting: RHB Ray Holbert 0-0: Called Strike
0-1: Foul Ball, location: 2F
0-2: Ball
1-2: Ball
2-2: Ground out 6-3 (Groundball, 6, EV 86.9 MPH)
Dave McCarty to third
Batting: SHB Manuel Lee 0-0: Ball
1-0: Foul Ball, location: 2F
1-1: Foul Ball, location: 2F
1-2: Ground out 6-3 (Groundball, 6, EV 91.3 MPH)
Dave McCarty scores
Batting: LHB Jorge Fabregas 0-0: Ball
1-0: Called Strike
1-1: Ball
2-1: Ground out 1-3 (Groundball, 13S, EV 69.4 MPH)
Top of the 2nd over - 1 run, 1 hit, 0 errors, 0 left on base; Tucson 2 - Colorado Springs 0
BOTTOM OF THE 2ND
Colorado Springs Sky Fox batting - Pitching for Tucson Tarantulas : LHP Mark Langston
Batting: RHB Steve Pegues 0-0: Called Strike
0-1: Swinging Strike
0-2: Strikes out swinging
Batting: LHB David Dellucci 0-0: Ball
1-0: Ball
2-0: Swinging Strike
2-1: Foul Ball, location: 2F
2-2: Foul Ball, location: 2F
2-2: Ball
3-2: Foul Ball, location: 2F
3-2: Fly out, F8 (Flyball, 8RM, EV 91.9 MPH)
Batting: RHB David Doster 0-0: SINGLE (Groundball, 4MD, EV 99.4 MPH)
Batting: RHB Lou Collier 0-0: Fielders Choice at 2nd, 6-4 (Groundball, 56, EV 84.4 MPH)
Bottom of the 2nd over - 0 runs, 1 hit, 0 errors, 1 left on base; Tucson 2 - Colorado Springs 0
TOP OF THE 3RD
Tucson Tarantulas batting - Pitching for Colorado Springs Sky Fox : LHP Frank Viola
Batting: RHB Barry Wesson 0-0: Called Strike
0-1: Foul Ball, location: 2F
0-2: SINGLE (Groundball, 6, EV 111.3 MPH) (infield hit)
Batting: SHB Mark Bellhorn 0-0: Called Strike
0-1: Ball
1-1: Ball
2-1: SINGLE (Groundball, 6, EV 96.9 MPH) (infield hit)
Barry Wesson to second
Batting: SHB Bip Roberts 0-0: Fielders Choice at 2nd, 4-6 (Groundball, 4, EV 88.8 MPH)
Barry Wesson to third
Batting: RHB Andres Galarraga 0-0: Ball
1-0: Called Strike
1-1: Foul Ball, location: 2F
1-2: Foul Ball, location: 2F
1-2: SINGLE (Line Drive, 6MD, EV 96.9 MPH)
Barry Wesson scores
Bip Roberts to second
Batting: RHB Jack Voigt 0-0: Ball
1-0: Called Strike
1-1: Fly out, F6 (Popup, 6MD, EV 70.0 MPH)
Batting: RHB Dave McCarty 0-0: Called Strike
0-1: Ball
1-1: Ball
Wild Pitch!
Bip Roberts to third
Andres Galarraga to second
2-1: Fly out, F9 (Flyball, 9LD, EV 103.8 MPH)
Top of the 3rd over - 1 run, 3 hits, 0 errors, 2 left on base; Tucson 3 - Colorado Springs 0
BOTTOM OF THE 3RD
Colorado Springs Sky Fox batting - Pitching for Tucson Tarantulas : LHP Mark Langston
Batting: RHB Hiroki Kokubo 0-0: Bunted foul
0-1: Ball
1-1: Ball
2-1: Ball
3-1: Ground out 4-3 (Groundball, 4, EV 83.8 MPH)
Batting: RHB Naoki Matoba 0-0: Foul Ball, location: 2F
0-1: Foul Ball, location: 2F
0-2: Ball
1-2: Ball
2-2: Ground out 4-3 (Groundball, 4, EV 110.0 MPH)
Batting: LHB Brent Brede 0-0: Ball
1-0: Ball
2-0: Ball
3-0: Base on Balls
Batting: RHB Andujar Cedeno 0-0: Ball
1-0: Foul Ball, location: 2F
1-1: Swinging Strike
1-2: Strikes out swinging
Bottom of the 3rd over - 0 runs, 0 hits, 0 errors, 1 left on base; Tucson 3 - Colorado Springs 0
TOP OF THE 4TH
Tucson Tarantulas batting - Pitching for Colorado Springs Sky Fox : LHP Frank Viola
Batting: RHB Ray Holbert 0-0: Called Strike
0-1: Foul Ball, location: 2F
0-2: Ball
1-2: Ball
2-2: Ball
3-2: Foul Ball, location: 2F
3-2: SINGLE (Line Drive, 78S, EV 94.4 MPH)
Batting: SHB Manuel Lee 0-0: SINGLE (Groundball, 6MD, EV 99.4 MPH)
Ray Holbert to second
Batting: LHB Jorge Fabregas 0-0: Ball
1-0: Foul Ball, location: 2F
1-1: Ball
2-1: Ball
3-1: Grounds into double play, U5-3 (Groundball, 5L, EV 103.1 MPH)
Manuel Lee to second
Batting: RHB Barry Wesson 0-0: Called Strike
0-1: Foul Ball, location: 2F
0-2: Fly out, F7 (Flyball, 78M, EV 88.8 MPH)
Top of the 4th over - 0 runs, 2 hits, 0 errors, 1 left on base; Tucson 3 - Colorado Springs 0
BOTTOM OF THE 4TH
Colorado Springs Sky Fox batting - Pitching for Tucson Tarantulas : LHP Mark Langston
Batting: RHB Bruce Aven 0-0: Ball
1-0: Called Strike
1-1: Ball
2-1: Foul Ball, location: 2F
2-2: Ground out 5-3 (Groundball, 56S, EV 69.4 MPH)
Batting: RHB Steve Pegues 0-0: Called Strike
0-1: SINGLE (Flyball, 89S, EV 90.6 MPH)
Batting: LHB David Dellucci 0-0: Ball
1-0: Ball
2-0: Ball
3-0: Called Strike
3-1: Base on Balls
Steve Pegues to second
Batting: RHB David Doster 0-0: Swinging Strike
0-1: Fly out, F4 (Popup, 4MS, EV 73.1 MPH)
Batting: RHB Lou Collier 0-0: Foul Ball, location: 2F
0-1: Called Strike
0-2: Ground out 5-3 (Groundball, 5S, EV 80.0 MPH)
Bottom of the 4th over - 0 runs, 1 hit, 0 errors, 2 left on base; Tucson 3 - Colorado Springs 0
TOP OF THE 5TH
Tucson Tarantulas batting - Pitching for Colorado Springs Sky Fox : LHP Frank Viola
Batting: SHB Mark Bellhorn 0-0: Foul Ball, location: 2F
0-1: Ball
1-1: SINGLE (Line Drive, 5D, EV 93.8 MPH)
Batting: SHB Bip Roberts 0-0: Called Strike
0-1: SINGLE (Line Drive, 89M, EV 91.3 MPH)
Mark Bellhorn to second
Runner from 2nd tries for 3rd, SAFE, no throw by RF
Batting: RHB Andres Galarraga 0-0: Foul Ball, location: 2F
0-1: Ball
1-1: Fly out, F9 (Flyball, 9LM, EV 83.1 MPH)
Runner from 3rd tags up, SCORES, throw by RF
Batting: RHB Jack Voigt 0-0: Called Strike
0-1: Ball
1-1: Swinging Strike
1-2: Ball
2-2: Ball
3-2: Fly out, F3 (Popup, 3S, EV 71.9 MPH)
Batting: RHB Dave McCarty 0-0: Ball
1-0: Ball
2-0: Foul Ball, location: 2F
2-1: SINGLE (Flyball, 9S, EV 96.9 MPH)
Bip Roberts to second
Runner from 2nd tries for 3rd, SAFE, no throw by RF
Batting: RHB Ray Holbert 0-0: Fly out, F9 (Flyball, 9, EV 90.0 MPH)
Top of the 5th over - 1 run, 3 hits, 0 errors, 2 left on base; Tucson 4 - Colorado Springs 0
BOTTOM OF THE 5TH
Colorado Springs Sky Fox batting - Pitching for Tucson Tarantulas : LHP Mark Langston
Batting: RHB Hiroki Kokubo 0-0: Foul Ball, location: 2F
0-1: Ball
1-1: TRIPLE (Flyball, 9D, EV 83.8 MPH)
Batting: RHB Naoki Matoba 0-0: Called Strike
0-1: Swinging Strike
0-2: Strikes out swinging
Batting: LHB Brent Brede 0-0: Ball
1-0: Called Strike
1-1: Ball
2-1: Ball
3-1: Called Strike
3-2: Base on Balls
Batting: RHB Andujar Cedeno 0-0: Called Strike
0-1: Ball
1-1: Swinging Strike
1-2: Ball
2-2: SINGLE (Groundball, 56D, EV 98.8 MPH)
Hiroki Kokubo scores
Brent Brede to second
Batting: RHB Bruce Aven 0-0: Ball
1-0: Fly out, F9 (Flyball, 9D, EV 96.3 MPH)
Runner from 2nd tags up, SAFE at 3rd, no throw by RF
Batting: RHB Steve Pegues 0-0: DOUBLE (Line Drive, 9LM, EV 108.1 MPH)
Brent Brede scores
Andujar Cedeno to third
Batting: LHB David Dellucci 0-0: Called Strike
0-1: Called Strike
0-2: Ball
1-2: Strikes out swinging
Bottom of the 5th over - 2 runs, 3 hits, 0 errors, 2 left on base; Tucson 4 - Colorado Springs 2
TOP OF THE 6TH
Tucson Tarantulas batting - Pitching for Colorado Springs Sky Fox : LHP Frank Viola
Batting: SHB Manuel Lee 0-0: SINGLE (Groundball, 6M, EV 88.8 MPH) (infield hit)
Batting: LHB Jorge Fabregas 0-0: Called Strike
0-1: Ball
1-1: Swinging Strike
1-2: Ball
2-2: Fly out, F8 (Flyball, 8LS, EV 85.0 MPH)
Batting: RHB Barry Wesson 0-0: Ball
1-0: Swinging Strike
1-1: Foul Ball, location: 2F
1-2: Strikes out swinging
Batting: SHB Mark Bellhorn 0-0: Called Strike
0-1: Ball
1-1: Foul Ball, location: 2F
1-2: Ball
2-2: Foul Ball, location: 2F
2-2: Foul Ball, location: 2F
2-2: SINGLE (Flyball, 89S, EV 94.4 MPH)
Manuel Lee to second
Runner from 2nd tries for 3rd, SAFE, no throw by CF
Batting: SHB Bip Roberts 0-0: Fly out, F7 (Flyball, 78S, EV 89.4 MPH)
Top of the 6th over - 0 runs, 2 hits, 0 errors, 2 left on base; Tucson 4 - Colorado Springs 2
BOTTOM OF THE 6TH
Colorado Springs Sky Fox batting - Pitching for Tucson Tarantulas : LHP Mark Langston
Batting: RHB David Doster 0-0: Swinging Strike
0-1: Ball
1-1: Foul Ball, location: 2F
1-2: Strikes out swinging
Batting: RHB Lou Collier 0-0: Ball
1-0: Called Strike
1-1: Fly out, F9 (Flyball, 89S, EV 87.5 MPH)
Batting: RHB Hiroki Kokubo 0-0: Foul Ball, location: 2F
0-1: Swinging Strike
0-2: Ball
1-2: Foul Ball, location: 2F
1-2: Foul Ball, location: 2F
1-2: Ball
2-2: Ball
3-2: Strikes out swinging, 2-3 out at first.
Bottom of the 6th over - 0 runs, 0 hits, 0 errors, 0 left on base; Tucson 4 - Colorado Springs 2
TOP OF THE 7TH
Tucson Tarantulas batting - Pitching for Colorado Springs Sky Fox : LHP Frank Viola
Batting: RHB Andres Galarraga 0-0: Called Strike
0-1: Ball
1-1: Ball
2-1: Ground out 5-3 (Groundball, 56S, EV 73.8 MPH)
Batting: RHB Jack Voigt 0-0: Foul Ball, location: 2F
0-1: Ball
1-1: SINGLE (Groundball, 4MD, EV 104.4 MPH)
Batting: RHB Dave McCarty 0-0: Swinging Strike
0-1: Foul Ball, location: 2F
0-2: Fielders Choice at 2nd, 2-4 (Groundball, 2L, EV 67.5 MPH)
Batting: RHB Ray Holbert 0-0: Ball
1-0: Ball
2-0: Called Strike
2-1: Ball
3-1: Swinging Strike
3-2: Fly out, F3 (Popup, 3F, EV 78.1 MPH)
Top of the 7th over - 0 runs, 1 hit, 0 errors, 1 left on base; Tucson 4 - Colorado Springs 2
BOTTOM OF THE 7TH
Colorado Springs Sky Fox batting - Pitching for Tucson Tarantulas : LHP Mark Langston
Batting: RHB Naoki Matoba 0-0: Ball
1-0: Fly out, F8 (Flyball, 8RXD, EV 90.0 MPH)
Batting: LHB Brent Brede 0-0: Foul Ball, location: 2F
0-1: Called Strike
0-2: Foul Ball, location: 2F
0-2: Ball
1-2: Ball
2-2: Ball
3-2: Strikes out swinging
Batting: RHB Andujar Cedeno 0-0: Called Strike
0-1: Ball
1-1: Swinging Strike
1-2: Foul Ball, location: 2F
1-2: Ball
2-2: Ball
3-2: Strikes out swinging
Bottom of the 7th over - 0 runs, 0 hits, 0 errors, 0 left on base; Tucson 4 - Colorado Springs 2
TOP OF THE 8TH
Tucson Tarantulas batting - Pitching for Colorado Springs Sky Fox : LHP Frank Viola
Pitching: RHP Antonio Alfonseca
Batting: SHB Manuel Lee 0-0: Foul Ball, location: 2F
0-1: Called Strike
0-2: Ground out 1-3 (Groundball, 13S, EV 70.6 MPH)
Batting: LHB Jorge Fabregas 0-0: Called Strike
0-1: SINGLE (Line Drive, 3D, EV 100.0 MPH)
Batting: RHB Barry Wesson 0-0: Ball
1-0: Swinging Strike
1-1: SINGLE (Groundball, 56, EV 87.5 MPH) (infield hit)
Jorge Fabregas to second
Batting: SHB Mark Bellhorn 0-0: Ball
1-0: Called Strike
1-1: Swinging Strike
1-2: Ball
2-2: Foul Ball, location: 2F
2-2: Ball
3-2: SINGLE (Line Drive, 7S, EV 94.4 MPH)
Jorge Fabregas to third
Barry Wesson to second
Batting: SHB Bip Roberts 0-0: Called Strike
0-1: Ball
1-1: Ball
2-1: Foul Ball, location: 2F
2-2: Grounds into fielders choice 3-2 (Groundball, 3S, EV 87.5 MPH)
Barry Wesson to third
Mark Bellhorn to second
Batting: RHB Andres Galarraga 0-0: Ball
1-0: Ground out 1-3 (Groundball, 15, EV 80.0 MPH)
Top of the 8th over - 0 runs, 3 hits, 0 errors, 3 left on base; Tucson 4 - Colorado Springs 2
BOTTOM OF THE 8TH
Colorado Springs Sky Fox batting - Pitching for Tucson Tarantulas : LHP Mark Langston
Pitching: RHP Jeff Shaw
Batting: RHB Bruce Aven 0-0: Fly out, F8 (Flyball, 8RD, EV 96.9 MPH)
Batting: RHB Steve Pegues 0-0: Called Strike
0-1: Ball
1-1: Fly out, F9 (Flyball, 9LSF, EV 84.4 MPH)
Batting: LHB David Dellucci 0-0: Ball
1-0: Foul Ball, location: 2F
1-1: Ground out U3 (Groundball, 3, EV 107.5 MPH)
Bottom of the 8th over - 0 runs, 0 hits, 0 errors, 0 left on base; Tucson 4 - Colorado Springs 2
TOP OF THE 9TH
Tucson Tarantulas batting - Pitching for Colorado Springs Sky Fox : RHP Antonio Alfonseca
Batting: RHB Jack Voigt 0-0: Ball
1-0: Foul Ball, location: 2F
1-1: Foul Ball, location: 2F
1-2: Fly out, F8 (Line Drive, 8RD, EV 90.6 MPH)
Batting: RHB Dave McCarty 0-0: Fly out, F4 (Flyball, 34D, EV 83.1 MPH)
Batting: RHB Ray Holbert 0-0: Called Strike
0-1: SINGLE (Groundball, 34S, EV 88.8 MPH) (infield hit)
Batting: SHB Manuel Lee 0-0: Ground out 2-3 (Groundball, 15S, EV 76.9 MPH)
Top of the 9th over - 0 runs, 1 hit, 0 errors, 1 left on base; Tucson 4 - Colorado Springs 2
BOTTOM OF THE 9TH
Colorado Springs Sky Fox batting - Pitching for Tucson Tarantulas : RHP Jeff Shaw
Pitching: RHP Keith Foulke
Now in LF: Todd Dunn
Batting: RHB David Doster 0-0: Ball
1-0: Foul Ball, location: 2F
1-1: Ball
2-1: Fly out, F4 (Line Drive, 4, EV 65.0 MPH)
Batting: RHB Lou Collier 0-0: Ball
1-0: Swinging Strike
1-1: Called Strike
1-2: Ball
2-2: Foul Ball, location: 2F
2-2: Strikes out swinging
Batting: RHB Hiroki Kokubo 0-0: Ball
1-0: Called Strike
1-1: Swinging Strike
1-2: Ball
2-2: Ball
3-2: Fly out, F8 (Flyball, 8RM, EV 81.3 MPH)
Bottom of the 9th over - 0 runs, 0 hits, 0 errors, 0 left on base; Tucson 4 - Colorado Springs 2
Thursday, January 22nd, 2026 - OOTP Baseball 20.8 Build 74